[ AOE2 MATCH · #468669009 ]
Team RMWei vs Spanish
[ REPLAY ANALYSIS · EXTRACTED FROM THE RECORDED GAME ]
Feudal
9:22
Castle
19:11
Imperial
42:49
| APM avg | 56.0 |
| APM peak | 99 |
| eAPM avg | 22.1 |
| Villagers / military | 135 / 116 |
Focus
⚔️ 32.9% · 🌾 67.1%
Unknown (1944) ×113 · Spearman ×104 · Unknown (1942) ×11 · Monk ×7 · Scout Cavalry ×5
Feudal
10:01
Castle
22:13
Imperial
45:20
| APM avg | 31.7 |
| APM peak | 80 |
| eAPM avg | 18.2 |
| Villagers / military | 114 / 117 |
Focus
⚔️ 42.5% · 🌾 57.5%
Battle Elephant ×59 · Elephant Archer ×38 · Spearman ×7 · Trebuchet (Packed) ×6 · Scout Cavalry ×5 · Armored Elephant ×2
Feudal
10:10
Castle
21:31
Imperial
47:09
| APM avg | 23.4 |
| APM peak | 53 |
| eAPM avg | 13.2 |
| Villagers / military | 106 / 384 |
Focus
⚔️ 33.7% · 🌾 66.3%
Archer ×187 · Scout Cavalry ×109 · Knight ×74 · Skirmisher ×6 · Trebuchet (Packed) ×5 · Monk ×3
Feudal
11:42
Castle
15:25
Imperial
50:03
| APM avg | 49.6 |
| APM peak | 103 |
| eAPM avg | 23.5 |
| Villagers / military | 225 / 143 |
Focus
⚔️ 34.0% · 🌾 66.0%
Scorpion ×56 · Conquistador ×37 · Mangonel ×29 · Bombard Cannon ×14 · Fishing Ship ×5 · Spearman ×3
Match map
Resources at game start + every placement click. Thick line = wall · dashed box = detected house wall. 🟡 gold · ⚪ stone · 🟢 berries · 🔶 boar · ⭕ relic
Inputs per minute
— Infey - - Rec
Build order — Infey
First 150 of 446 actions detected
| 0:01 | Create | Villager (Male) |
| 0:01 | Create | Villager (Male) |
| 0:03 | Build | House |
| 0:05 | Build | House |
| 0:24 | Create | Villager (Male) |
| 0:24 | Create | Villager (Male) |
| 1:30 | Create | Villager (Male) |
| 1:46 | Build | Lumber Camp |
| 2:00 | Create | Villager (Male) |
| 2:03 | Create | Villager (Male) |
| 2:47 | Create | Villager (Male) |
| 3:13 | Create | Villager (Male) |
| 3:27 | Build | Mill |
| 3:41 | Create | Villager (Male) |
| 3:55 | Build | House |
| 4:02 | Create | Villager (Male) |
| 4:21 | Create | Villager (Male) |
| 4:37 | Create | Villager (Male) |
| 4:43 | Create | Villager (Male) |
| 5:21 | Create | Villager (Male) |
| 5:39 | Build | House |
| 5:44 | Research | Loom |
| 6:46 | Create | Villager (Male) |
| 7:12 | Research | Feudal Age |
| 7:19 | Build | Barracks |
| 8:01 | Create | Villager (Male) |
| 8:26 | Build | House |
| 9:01 | Build | House |
| 9:08 | Build | Lumber Camp |
| 9:22 | Age | Feudal Age |
| 9:31 | Create | Villager (Male) |
| 9:31 | Create | Villager (Male) |
| 9:43 | Build | Stable |
| 9:53 | Create | Villager (Male) |
| 10:29 | Build | Palisade Wall |
| 10:36 | Build | Farm |
| 10:39 | Build | Farm |
| 10:42 | Build | Palisade Wall |
| 10:44 | Create | Scout Cavalry |
| 10:44 | Create | Scout Cavalry |
| 10:44 | Create | Scout Cavalry |
| 10:49 | Create | Scout Cavalry |
| 11:02 | Build | Farm |
| 11:09 | Build | Palisade Wall |
| 11:17 | Build | Palisade Wall |
| 11:19 | Build | Palisade Wall |
| 11:33 | Build | Palisade Wall |
| 11:41 | Build | Farm |
| 11:42 | Build | Farm |
| 11:43 | Build | Farm |
| 11:50 | Create | Villager (Male) |
| 11:50 | Create | Villager (Male) |
| 12:01 | Build | Palisade Wall |
| 12:04 | Build | Palisade Wall |
| 12:06 | Build | Palisade Wall |
| 12:11 | Create | Villager (Male) |
| 12:14 | Build | Farm |
| 12:26 | Create | Villager (Male) |
| 12:31 | Build | Farm |
| 12:59 | Create | Villager (Male) |
| 13:27 | Create | Villager (Male) |
| 13:30 | Create | Villager (Male) |
| 13:34 | Create | Scout Cavalry |
| 13:45 | Create | Villager (Male) |
| 13:53 | Create | Villager (Male) |
| 13:56 | Build | Farm |
| 13:56 | Build | Farm |
| 14:02 | Build | Market |
| 14:16 | Build | House |
| 14:54 | Build | House |
| 14:55 | Create | Villager (Male) |
| 15:27 | Build | House |
| 15:42 | Build | Palisade Wall |
| 15:47 | Build | Mining Camp |
| 15:49 | Create | Villager (Male) |
| 15:59 | Build | House |
| 16:18 | Build | Farm |
| 16:18 | Build | Farm |
| 16:31 | Research | Castle Age |
| 16:38 | Build | House |
| 16:51 | Build | Farm |
| 16:58 | Build | Stable |
| 17:36 | Build | Blacksmith |
| 17:46 | Research | Bloodlines |
| 17:51 | Build | Palisade Wall |
| 17:52 | Build | Palisade Wall |
| 17:56 | Build | Palisade Wall |
| 18:22 | Build | Palisade Wall |
| 18:24 | Build | Palisade Wall |
| 18:32 | Build | Lumber Camp |
| 18:37 | Research | Scale Barding Armor |
| 19:05 | Create | Spearman |
| 19:11 | Age | Castle Age |
| 19:12 | Create | Villager (Male) |
| 19:12 | Create | Villager (Male) |
| 19:18 | Create | Unit 1944 |
| 19:19 | Create | Unit 1944 |
| 19:25 | Create | Villager (Male) |
| 19:36 | Create | Villager (Male) |
| 19:57 | Create | Unit 1944 |
| 20:04 | Create | Villager (Male) |
| 20:13 | Build | Farm |
| 20:13 | Build | Farm |
| 20:22 | Create | Unit 1944 |
| 20:52 | Create | Villager (Male) |
| 21:10 | Create | Unit 1944 |
| 21:10 | Create | Unit 1944 |
| 21:25 | Create | Villager (Male) |
| 21:37 | Build | Palisade Wall |
| 21:46 | Create | Unit 1944 |
| 21:56 | Create | Villager (Male) |
| 22:11 | Create | Villager (Male) |
| 22:51 | Build | House |
| 22:54 | Create | Unit 1944 |
| 22:54 | Create | Unit 1944 |
| 22:59 | Create | Villager (Male) |
| 23:04 | Build | Monastery |
| 23:21 | Build | House |
| 23:53 | Create | Unit 1944 |
| 23:53 | Create | Unit 1944 |
| 24:09 | Create | Unit 1944 |
| 24:25 | Create | Villager (Male) |
| 24:25 | Create | Villager (Male) |
| 24:44 | Build | House |
| 24:45 | Build | House |
| 24:49 | Build | Farm |
| 24:49 | Build | Farm |
| 24:49 | Build | Farm |
| 24:49 | Build | Farm |
| 24:49 | Build | Farm |
| 24:50 | Build | Farm |
| 24:50 | Build | Farm |
| 24:50 | Build | Farm |
| 24:50 | Build | Farm |
| 24:50 | Build | Farm |
| 24:51 | Build | Farm |
| 24:55 | Create | Unit 1944 |
| 24:55 | Create | Unit 1944 |
| 24:59 | Create | Monk |
| 24:59 | Create | Monk |
| 25:02 | Build | House |
| 25:25 | Create | Unit 1944 |
| 25:26 | Create | Unit 1944 |
| 25:29 | Create | Villager (Male) |
| 25:35 | Build | Farm |
| 25:43 | Create | Villager (Male) |
| 25:45 | Build | Farm |
| 25:50 | Build | Mill |
| 26:08 | Create | Unit 1944 |
| 26:08 | Create | Unit 1944 |
Build order — Rec
First 150 of 411 actions detected
| 0:00 | Create | Villager (Male) |
| 0:01 | Create | Villager (Male) |
| 0:03 | Build | House |
| 0:05 | Build | House |
| 0:22 | Create | Villager (Male) |
| 0:24 | Create | Villager (Male) |
| 1:43 | Create | Villager (Male) |
| 1:53 | Build | Lumber Camp |
| 2:10 | Create | Villager (Male) |
| 2:30 | Create | Villager (Male) |
| 2:56 | Create | Villager (Male) |
| 3:13 | Create | Villager (Male) |
| 3:46 | Create | Villager (Male) |
| 4:00 | Create | Villager (Male) |
| 4:11 | Build | House |
| 4:13 | Build | House |
| 4:20 | Build | Mill |
| 4:35 | Create | Villager (Male) |
| 4:49 | Create | Villager (Male) |
| 5:36 | Create | Villager (Male) |
| 5:41 | Build | Farm |
| 5:44 | Build | Farm |
| 5:57 | Create | Villager (Male) |
| 6:01 | Create | Villager (Male) |
| 6:56 | Create | Villager (Male) |
| 7:09 | Research | Loom |
| 7:35 | Build | Farm |
| 7:51 | Research | Feudal Age |
| 8:04 | Build | Lumber Camp |
| 8:45 | Create | Villager (Male) |
| 9:30 | Build | Barracks |
| 9:33 | Create | Villager (Male) |
| 9:56 | Create | Villager (Male) |
| 10:01 | Age | Feudal Age |
| 10:07 | Research | Double-Bit Axe |
| 10:08 | Create | Villager (Male) |
| 10:18 | Build | House |
| 10:26 | Build | Palisade Wall |
| 10:31 | Build | House |
| 10:34 | Create | Villager (Male) |
| 10:44 | Build | Palisade Wall |
| 10:48 | Build | Building 796 |
| 10:55 | Create | Villager (Male) |
| 11:00 | Build | Farm |
| 11:04 | Create | Villager (Male) |
| 11:22 | Create | Villager (Male) |
| 11:34 | Build | Blacksmith |
| 11:50 | Build | Stable |
| 12:12 | Create | Villager (Male) |
| 12:14 | Build | Farm |
| 12:19 | Create | Villager (Male) |
| 12:30 | Create | Villager (Male) |
| 12:41 | Build | Dock |
| 12:42 | Create | Villager (Male) |
| 12:51 | Create | Spearman |
| 12:51 | Create | Scout Cavalry |
| 12:55 | Build | Palisade Wall |
| 13:08 | Create | Scout Cavalry |
| 13:12 | Create | Spearman |
| 13:13 | Create | Scout Cavalry |
| 13:16 | Create | Scout Cavalry |
| 13:21 | Research | Forging |
| 13:35 | Create | Spearman |
| 13:37 | Build | House |
| 14:18 | Create | Spearman |
| 14:19 | Build | House |
| 14:28 | Create | Villager (Male) |
| 14:30 | Build | Farm |
| 14:31 | Build | Farm |
| 14:33 | Build | Mining Camp |
| 15:02 | Create | Villager (Male) |
| 15:06 | Create | Scout Cavalry |
| 15:47 | Create | Villager (Male) |
| 15:50 | Build | Farm |
| 15:50 | Build | Farm |
| 15:51 | Build | Farm |
| 15:52 | Build | Farm |
| 16:01 | Create | Villager (Male) |
| 16:11 | Build | Farm |
| 16:31 | Build | House |
| 16:41 | Create | Villager (Male) |
| 16:52 | Build | Farm |
| 16:53 | Build | Farm |
| 16:58 | Create | Villager (Male) |
| 17:02 | Build | Farm |
| 17:05 | Build | Farm |
| 17:05 | Build | Farm |
| 17:08 | Build | Farm |
| 17:13 | Build | Farm |
| 17:28 | Create | Villager (Male) |
| 17:32 | Build | Farm |
| 17:34 | Build | Farm |
| 17:37 | Build | Farm |
| 17:37 | Create | Villager (Male) |
| 17:42 | Build | Farm |
| 17:49 | Build | Farm |
| 18:31 | Create | Villager (Male) |
| 18:33 | Build | Farm |
| 18:34 | Build | Farm |
| 18:50 | Create | Villager (Male) |
| 19:10 | Create | Villager (Male) |
| 19:13 | Build | Farm |
| 19:15 | Build | Farm |
| 19:19 | Build | Market |
| 19:25 | Build | House |
| 19:33 | Research | Castle Age |
| 19:47 | Research | Horse Collar |
| 20:04 | Create | Villager (Male) |
| 20:22 | Build | Palisade Wall |
| 20:28 | Create | Villager (Male) |
| 20:42 | Create | Villager (Male) |
| 21:14 | Create | Villager (Male) |
| 21:24 | Build | House |
| 21:25 | Build | House |
| 21:30 | Create | Spearman |
| 21:31 | Create | Spearman |
| 21:41 | Build | Building 796 |
| 22:08 | Create | Spearman |
| 22:13 | Age | Castle Age |
| 22:17 | Build | House |
| 22:20 | Create | Villager (Male) |
| 22:25 | Build | Town Center |
| 22:30 | Create | Battle Elephant |
| 22:33 | Build | Stable |
| 22:39 | Build | Palisade Wall |
| 22:40 | Build | Palisade Wall |
| 22:54 | Create | Villager (Male) |
| 22:57 | Create | Battle Elephant |
| 23:05 | Create | Villager (Male) |
| 23:08 | Create | Battle Elephant |
| 23:11 | Research | Scale Barding Armor |
| 23:29 | Create | Battle Elephant |
| 23:32 | Create | Villager (Male) |
| 23:52 | Build | House |
| 24:08 | Create | Battle Elephant |
| 24:10 | Create | Villager (Male) |
| 24:42 | Build | Town Center |
| 24:44 | Create | Villager (Male) |
| 25:08 | Build | House |
| 25:27 | Create | Battle Elephant |
| 25:37 | Create | Battle Elephant |
| 25:39 | Research | Iron Casting |
| 25:40 | Create | Battle Elephant |
| 25:58 | Create | Battle Elephant |
| 26:09 | Create | Battle Elephant |
| 26:16 | Create | Villager (Male) |
| 26:32 | Build | Palisade Wall |
| 26:48 | Create | Villager (Male) |
| 26:48 | Create | Villager (Male) |
| 26:49 | Create | Villager (Male) |
Build order — Pepschelle
First 150 of 478 actions detected
| 0:00 | Create | Villager (Male) |
| 0:01 | Create | Villager (Male) |
| 0:01 | Create | Villager (Male) |
| 0:02 | Build | House |
| 0:05 | Build | House |
| 0:06 | Create | Villager (Male) |
| 1:34 | Create | Villager (Male) |
| 1:59 | Create | Villager (Male) |
| 2:04 | Build | Lumber Camp |
| 2:45 | Create | Villager (Male) |
| 2:46 | Create | Villager (Male) |
| 2:46 | Create | Villager (Male) |
| 3:09 | Create | Villager (Male) |
| 3:16 | Build | House |
| 3:18 | Build | House |
| 3:39 | Create | Villager (Male) |
| 3:57 | Create | Villager (Male) |
| 4:09 | Build | Mill |
| 4:29 | Create | Villager (Male) |
| 4:29 | Create | Villager (Male) |
| 5:00 | Create | Villager (Male) |
| 5:44 | Create | Villager (Male) |
| 5:44 | Create | Villager (Male) |
| 5:45 | Create | Villager (Male) |
| 5:57 | Create | Villager (Male) |
| 6:42 | Research | Loom |
| 8:00 | Research | Feudal Age |
| 8:28 | Build | House |
| 8:43 | Build | Lumber Camp |
| 8:50 | Build | Mining Camp |
| 9:03 | Build | Barracks |
| 9:27 | Create | Villager (Male) |
| 9:28 | Create | Villager (Male) |
| 9:50 | Create | Villager (Male) |
| 10:10 | Age | Feudal Age |
| 10:11 | Build | Archery Range |
| 10:21 | Build | House |
| 10:43 | Build | Archery Range |
| 10:50 | Create | Villager (Male) |
| 11:07 | Create | Archer |
| 11:08 | Create | Archer |
| 11:23 | Create | Villager (Male) |
| 11:28 | Build | House |
| 11:47 | Build | House |
| 11:48 | Build | House |
| 12:07 | Research | Double-Bit Axe |
| 12:08 | Research | Gold Mining |
| 12:15 | Create | Villager (Male) |
| 12:16 | Create | Villager (Male) |
| 12:16 | Create | Villager (Male) |
| 12:18 | Create | Archer |
| 12:18 | Create | Archer |
| 12:19 | Create | Archer |
| 12:20 | Create | Archer |
| 12:45 | Build | Blacksmith |
| 13:05 | Create | Villager (Male) |
| 13:08 | Create | Archer ×2 |
| 13:30 | Create | Villager (Male) |
| 13:35 | Research | Fletching |
| 13:38 | Build | House |
| 13:41 | Build | House |
| 13:53 | Build | Farm |
| 13:53 | Build | Farm |
| 13:53 | Build | Farm |
| 13:53 | Build | Farm |
| 14:02 | Build | Farm |
| 14:04 | Create | Villager (Male) |
| 14:14 | Create | Archer |
| 14:15 | Create | Archer |
| 14:24 | Build | House |
| 14:26 | Build | House |
| 14:32 | Create | Archer |
| 14:35 | Create | Villager (Male) |
| 14:36 | Create | Villager (Male) |
| 14:50 | Build | Farm |
| 14:53 | Build | Farm |
| 14:53 | Build | Farm |
| 15:11 | Create | Villager (Male) |
| 15:16 | Create | Archer |
| 15:16 | Create | Archer |
| 15:18 | Create | Archer |
| 15:22 | Build | Farm |
| 15:50 | Build | Palisade Wall |
| 15:57 | Build | Palisade Wall |
| 16:07 | Create | Villager (Male) |
| 16:08 | Create | Villager (Male) |
| 16:12 | Build | Mill |
| 16:13 | Build | Farm |
| 16:13 | Build | Farm |
| 16:14 | Build | Farm |
| 16:14 | Build | Farm |
| 16:19 | Build | Farm |
| 16:37 | Build | Palisade Wall |
| 16:52 | Build | Farm |
| 16:52 | Build | Farm |
| 17:18 | Build | Market |
| 17:23 | Create | Villager (Male) |
| 17:25 | Create | Villager (Male) |
| 17:43 | Build | Palisade Wall |
| 17:54 | Create | Villager (Male) |
| 17:59 | Build | Farm |
| 17:59 | Build | Farm |
| 18:00 | Build | Farm |
| 18:06 | Build | Farm |
| 18:51 | Research | Castle Age |
| 19:02 | Create | Skirmisher |
| 19:02 | Create | Skirmisher |
| 19:03 | Create | Skirmisher |
| 19:16 | Create | Skirmisher |
| 19:22 | Create | Skirmisher |
| 19:23 | Create | Skirmisher |
| 19:55 | Build | Archery Range |
| 20:03 | Build | House |
| 20:04 | Build | House |
| 20:05 | Build | House |
| 20:06 | Build | House |
| 20:17 | Build | House |
| 20:18 | Build | House |
| 20:20 | Build | House |
| 20:21 | Build | House |
| 21:10 | Research | Horse Collar |
| 21:23 | Research | Town Watch |
| 21:24 | Create | Villager (Male) |
| 21:31 | Age | Castle Age |
| 21:47 | Build | University |
| 21:54 | Research | Crossbowman (upgrade) |
| 21:56 | Research | Bodkin Arrow |
| 22:03 | Create | Archer |
| 22:03 | Create | Archer |
| 22:04 | Create | Archer |
| 22:12 | Research | Thumb Ring |
| 22:19 | Create | Villager (Male) |
| 22:25 | Create | Villager (Male) |
| 23:01 | Research | Ballistics |
| 23:16 | Create | Archer ×3 |
| 23:25 | Create | Villager (Male) |
| 23:25 | Create | Villager (Male) |
| 23:26 | Create | Villager (Male) |
| 23:35 | Build | Mining Camp |
| 23:40 | Create | Archer ×2 |
| 23:52 | Create | Archer ×3 |
| 23:54 | Create | Villager (Male) |
| 23:54 | Create | Villager (Male) |
| 24:09 | Build | Mining Camp |
| 24:20 | Create | Archer ×3 |
| 24:29 | Create | Villager (Male) |
| 24:30 | Create | Villager (Male) |
| 24:30 | Create | Villager (Male) |
| 24:34 | Research | Town Patrol |
| 24:35 | Create | Villager (Male) |
Build order — molina_229
First 150 of 496 actions detected
| 0:01 | Create | Villager (Male) |
| 0:01 | Create | Villager (Male) |
| 0:01 | Create | Villager (Male) |
| 0:02 | Create | Villager (Male) |
| 0:03 | Build | House |
| 0:05 | Build | House |
| 1:26 | Create | Villager (Male) |
| 1:26 | Create | Villager (Male) |
| 1:47 | Build | Lumber Camp |
| 2:13 | Create | Villager (Male) |
| 2:13 | Create | Villager (Male) |
| 2:42 | Create | Villager (Male) |
| 2:42 | Create | Villager (Male) |
| 3:06 | Create | Villager (Male) |
| 3:06 | Create | Villager (Male) |
| 3:16 | Create | Villager (Male) |
| 3:17 | Create | Villager (Male) |
| 3:57 | Create | Villager (Male) |
| 3:57 | Create | Villager (Male) |
| 4:02 | Build | House |
| 4:30 | Build | Mill |
| 4:36 | Research | Loom |
| 4:54 | Create | Villager (Male) |
| 5:18 | Create | Villager (Male) |
| 5:30 | Create | Villager (Male) |
| 5:30 | Create | Villager (Male) |
| 5:30 | Create | Villager (Male) |
| 5:47 | Build | Building 800 |
| 5:51 | Build | Palisade Wall |
| 6:11 | Build | Mill |
| 6:18 | Create | Villager (Male) |
| 6:35 | Build | House |
| 7:01 | Build | Building 800 |
| 7:06 | Build | Palisade Wall |
| 7:09 | Build | Palisade Wall |
| 7:11 | Create | Villager (Male) |
| 7:49 | Create | Villager (Male) |
| 7:51 | Create | Villager (Male) |
| 8:30 | Build | Dock |
| 8:39 | Build | House |
| 8:42 | Create | Villager (Male) |
| 8:58 | Create | Villager (Male) |
| 9:23 | Research | Feudal Age |
| 9:33 | Create | Fishing Ship |
| 9:48 | Build | Mining Camp |
| 10:03 | Create | Fishing Ship |
| 11:08 | Create | Villager (Male) |
| 11:08 | Create | Villager (Male) |
| 11:42 | Age | Feudal Age |
| 11:52 | Build | Market |
| 11:57 | Build | Blacksmith |
| 12:45 | Research | Castle Age |
| 13:15 | Build | Farm |
| 13:33 | Build | Mining Camp |
| 13:37 | Create | Villager (Male) |
| 14:02 | Build | Barracks |
| 14:32 | Create | Spearman |
| 14:32 | Create | Spearman |
| 14:41 | Build | House |
| 15:25 | Age | Castle Age |
| 15:26 | Create | Spearman |
| 16:01 | Build | Castle |
| 16:02 | Create | Villager (Male) |
| 16:03 | Create | Villager (Male) |
| 16:13 | Create | Villager (Male) |
| 16:41 | Research | Double-Bit Axe |
| 17:03 | Research | Town Watch |
| 17:06 | Build | Siege Workshop |
| 17:09 | Create | Villager (Male) |
| 17:22 | Create | Fishing Ship |
| 17:43 | Create | Villager (Male) |
| 17:49 | Create | Conquistador |
| 17:59 | Build | Mining Camp |
| 18:28 | Create | Villager (Male) |
| 18:39 | Build | Farm |
| 18:39 | Build | Farm |
| 18:39 | Build | Farm |
| 18:40 | Build | Farm |
| 18:40 | Build | Farm |
| 18:40 | Build | Farm |
| 18:50 | Create | Villager (Male) |
| 19:14 | Create | Conquistador |
| 19:23 | Create | Fishing Ship |
| 19:25 | Create | Fishing Ship |
| 19:32 | Build | Farm |
| 19:32 | Build | Farm |
| 19:32 | Build | Farm |
| 19:33 | Build | Farm |
| 19:33 | Build | Farm |
| 19:33 | Build | Farm |
| 19:34 | Build | Farm |
| 19:39 | Create | Villager (Male) |
| 20:04 | Create | Villager (Male) |
| 20:16 | Build | Farm |
| 20:18 | Build | Farm |
| 20:25 | Create | Conquistador |
| 20:41 | Create | Villager (Male) |
| 20:51 | Create | Mangonel |
| 21:08 | Create | Conquistador |
| 21:31 | Create | Villager (Male) |
| 21:42 | Build | Farm |
| 21:42 | Build | Farm |
| 21:42 | Build | Farm |
| 21:43 | Build | Farm |
| 21:45 | Create | Villager (Male) |
| 21:49 | Create | Petard |
| 21:57 | Build | Lumber Camp |
| 22:15 | Create | Conquistador |
| 22:28 | Create | Villager (Male) |
| 22:39 | Create | Villager (Male) |
| 22:55 | Build | Town Center |
| 22:57 | Build | House |
| 23:15 | Create | Villager (Male) |
| 23:15 | Create | Villager (Male) |
| 23:38 | Create | Villager (Male) |
| 23:38 | Create | Villager (Male) |
| 23:38 | Create | Villager (Male) |
| 23:41 | Create | Mangonel |
| 23:42 | Create | Mangonel |
| 23:54 | Create | Villager (Male) |
| 24:03 | Create | Villager (Male) |
| 24:08 | Create | Mangonel |
| 24:11 | Create | Villager (Male) |
| 24:36 | Create | Villager (Male) |
| 24:36 | Create | Villager (Male) |
| 25:11 | Create | Villager (Male) |
| 25:24 | Build | Town Center |
| 25:39 | Create | Villager (Male) |
| 25:40 | Create | Villager (Male) |
| 25:40 | Create | Villager (Male) |
| 25:40 | Create | Villager (Male) |
| 25:42 | Create | Conquistador |
| 25:43 | Create | Conquistador |
| 25:52 | Create | Villager (Male) |
| 25:56 | Build | House |
| 26:28 | Create | Villager (Male) |
| 26:28 | Create | Villager (Male) |
| 26:34 | Build | Farm |
| 26:34 | Build | Farm |
| 26:34 | Build | Farm |
| 26:34 | Build | Farm |
| 26:35 | Build | Farm |
| 26:35 | Build | Farm |
| 26:57 | Create | Villager (Male) |
| 26:57 | Create | Villager (Male) |
| 27:04 | Create | Mangonel |
| 27:06 | Create | Villager (Male) |
| 27:11 | Create | Villager (Male) |
| 27:23 | Create | Mangonel |
| 27:31 | Create | Villager (Male) |
Match timeline
| 5:51 | molina_229 · wall_segment Palisade Wall x1 |
| 7:06 | molina_229 · wall_segment Palisade Wall x5 |
| 7:09 | molina_229 · wall_segment Palisade Wall x3 |
| 7:19 | Infey · first_building Barracks |
| 8:30 | molina_229 · first_building Dock |
| 9:03 | Pepschelle · first_building Barracks |
| 9:22 | Infey · age_up feudal |
| 9:30 | Rec · first_building Barracks |
| 9:43 | Infey · first_building Stable |
| 10:01 | Rec · age_up feudal |
| 10:10 | Pepschelle · age_up feudal |
| 10:11 | Pepschelle · first_building Archery Range |
| 10:26 | Rec · wall_segment Palisade Wall x1 |
| 10:29 | Infey · wall_segment Palisade Wall x4 |
| 10:42 | Infey · wall_segment Palisade Wall x4 |
| 10:44 | Rec · wall_segment Palisade Wall x13 |
| 11:09 | Infey · wall_segment Palisade Wall x3 |
| 11:17 | Infey · wall_segment Palisade Wall x2 |
| 11:19 | Infey · wall_segment Palisade Wall x7 |
| 11:33 | Infey · wall_segment Palisade Wall x4 |
| 11:42 | molina_229 · age_up feudal |
| 11:50 | Rec · first_building Stable |
| 12:01 | Infey · wall_segment Palisade Wall x6 |
| 12:04 | Infey · wall_segment Palisade Wall x6 |
| 12:06 | Infey · wall_segment Palisade Wall x7 |
| 12:38 | molina_229 · first_market_sell 100 wood |
| 12:41 | Rec · first_building Dock |
| 12:55 | Rec · wall_segment Palisade Wall x6 |
| 14:02 | molina_229 · first_building Barracks |
| 15:25 | molina_229 · age_up castle |
| 15:35 | molina_229 · first_market_buy 100 stone |
| 15:42 | Infey · wall_segment Palisade Wall x6 |
| 15:50 | Pepschelle · wall_segment Palisade Wall x6 |
| 15:57 | Pepschelle · wall_segment Palisade Wall x8 |
| 16:01 | molina_229 · first_building Castle |
| 16:04 | Infey · first_market_sell 100 stone |
| 16:07 | Infey · first_market_buy 100 food |
| 16:37 | Pepschelle · wall_segment Palisade Wall x1 |
| 17:06 | molina_229 · first_building Siege Workshop |
| 17:43 | Pepschelle · wall_segment Palisade Wall x11 |
| 17:51 | Infey · wall_segment Palisade Wall x1 |
| 17:52 | Infey · wall_segment Palisade Wall x1 |
| 17:56 | Infey · wall_segment Palisade Wall x1 |
| 18:22 | Infey · wall_segment Palisade Wall x1 |
| 18:24 | Infey · wall_segment Palisade Wall x1 |
| 18:30 | Pepschelle · first_market_buy 100 food |
| 18:32 | Pepschelle · first_market_sell 100 stone |
| 19:11 | Infey · age_up castle |
| 20:22 | Rec · wall_segment Palisade Wall x7 |
| 21:31 | Pepschelle · age_up castle |
| 21:37 | Infey · wall_segment Palisade Wall x8 |
| 22:13 | Rec · age_up castle |
| 22:39 | Rec · wall_segment Palisade Wall x1 |
| 22:40 | Rec · wall_segment Palisade Wall x1 |
| 23:04 | Infey · first_building Monastery |
| 25:57 | Pepschelle · first_building Stable |
| 26:32 | Rec · wall_segment Palisade Wall x5 |
| 27:09 | Rec · wall_segment Palisade Wall x1 |
| 27:10 | Rec · wall_segment Palisade Wall x1 |
| 27:11 | Rec · wall_segment Palisade Wall x1 |
| 27:47 | Rec · wall_segment Palisade Wall x6 |
| 29:00 | Rec · first_building Siege Workshop |
| 29:59 | Rec · first_building Archery Range |
| 33:39 | Rec · wall_segment Palisade Wall x1 |
| 33:43 | Rec · wall_segment Palisade Wall x1 |
| 33:44 | Rec · wall_segment Palisade Wall x1 |
| 34:07 | Rec · first_building Castle |
| 34:44 | Rec · first_market_sell 100 wood |
| 34:56 | Rec · wall_segment Palisade Wall x1 |
| 35:00 | Rec · wall_segment Palisade Wall x1 |
| 35:23 | Infey · first_building Archery Range |
| 35:46 | Rec · wall_segment Palisade Wall x1 |
| 37:55 | Infey · first_building Castle |
| 39:06 | Pepschelle · first_building Monastery |
| 39:22 | Infey · wall_segment Stone Wall x9 |
| 39:29 | Infey · wall_segment Stone Wall x6 |
| 41:07 | Infey · wall_segment Stone Wall x6 |
| 41:09 | Infey · wall_segment Stone Wall x5 |
| 42:49 | Infey · age_up imperial |
| 44:09 | Infey · first_building Siege Workshop |
| 45:20 | Rec · age_up imperial |
| 47:09 | Pepschelle · age_up imperial |
| 50:03 | molina_229 · age_up imperial |
| 50:56 | molina_229 · first_building Archery Range |
| 52:56 | Rec · resign |
| 54:01 | Pepschelle · first_building Castle |
[ AI ANALYSIS · 1 CREDIT ]
What really happened in this match?
Wolo.gg analyzes every decision: build order, eco, micro, common mistakes by bracket. Personalized analysis on WhatsApp or Discord in 30 seconds.
Civ guide
Wei
Map guide
Highland
Perfil
Infey